[Event "Early-Titled-Tuesday-Blitz-November-28-2023"]
[Site "Chess.com"]
[Date "2023.11.28"]
[Round "4"]
[White "Iskusnyh"]
[Black "atbenina64"]
[Result "1-0"]
[WhiteElo "2560"]
[BlackElo "2765"]
[TimeControl "180+1"]
[EndTime "8:40:31 PST"]
[Termination "Iskusnyh won by resignation"]

1. d4 Nf6 2. c4 g6 3. g3 Bg7 4. Bg2 O-O 5. Nc3 d6 6. Nf3 c5 7. dxc5 dxc5 8. Qxd8 Rxd8 9. Be3 Nc6 10. Bxc5 Be6 11.
O-O Bxc4 12. Rac1 Rac8 13. b3 Ba6 14. Rfe1 e6 15. Ba3 b5 16. Bb2 Nd7 17. Nd1 Nb6 18.
Bxg7 Kxg7 19. Ne3 Nb4 20. a3 Na2 21. Rxc8 Bxc8 22. h4 Nc3 23. h5 gxh5 24. Ne5 Rd2 25. Bf3 f6 26. Nc6 a6 27. Bxh5 e5 28. Ne7 Be6 29.
N7f5+ Kf8 30. Rc1 Nxe2+ 31. Bxe2 Rxe2 32. Rc6 Bxf5 33. Nxf5 Nd7 34. Rxa6 Rb2 35. Ra7 Ke8 36. b4 Rd2 37. Kf1 h5 38. Ng7+ Kd8 39. Nxh5 f5 40.
Ng7 f4 41. gxf4 exf4 42. Ne6+ Kc8 43. Nxf4 Ne5 44. Ne6 Nc4 45. a4 bxa4 46. Rc7+ Kb8 47. Rxc4 a3 48. Rc5 Rb2 49. Ra5 a2 50. Kg2 Kb7 51.
Nc5+ Kb6 52. Nd3 Rb3 53. Rxa2 Rxd3 54. Rb2 Rd4 55. Kg3 Rd3+ 56. f3 Rd8 57. Kg4 Rg8+ 58. Kf4 Rf8+ 59. Ke3 Re8+ 60. Kf2 Kb5 61. f4 Re4 62.
Kf3 Re7 63. f5 Re1 64. Kg4 1-0

[Event "Early-Titled-Tuesday-Blitz-November-28-2023"]
[Site "Chess.com"]
[Date "2023.11.28"]
[Round "4"]
[White "C_K_G"]
[Black "ural58"]
[Result "0-1"]
[WhiteElo "2164"]
[BlackElo "2462"]
[TimeControl "180+1"]
[EndTime "8:40:31 PST"]
[Termination "ural58 won on time"]

1. e4 d5 2. exd5 Qxd5 3. Nc3 Qa5 4. d4 Nf6 5. Bc4 Nc6 6. h3 Ne4 7. Ne2 Nd6 8. Bd3 Bf5 9. O-O e6 10. d5 exd5 11. Bxf5 Nxf5 12. Nxd5 O-O-O 13. c4 Nce7 14. Qc2 g6 15. Bg5 Nxd5 16. Bxd8 Nb4 17. Qd1 Bg7 18.
Bg5 Bxb2 19. Rb1 Bg7 20. Bd2 c5 21. Bxb4 cxb4 22. Qb3 Re8 23. Nf4 Nd4 24. Qxb4 Qxb4 25. Rxb4 Re4 26. Nd5 Nc2 27. Ra4 a6 28. g3 Nd4 29.
Rb1 Nc6 30. Nb6+ Kb8 31. c5 Re2 32. Kf1 Rc2 33. Re1 Ka7 34. Nd7 h5 35. Re2 Rc1+ 36. Kg2 Rc3 37. Rae4 a5 38. Re8 Ka6 39. Rg8 Bd4 40.
a4 Ra3 41. Rf8 Rxa4 42. Rxf7 Kb5 43. Rc2 Rc4 44. Rxc4 Kxc4 45. Nb6+ Kxc5 46. Na4+ Kb4 47. Rxb7+ Kxa4 48. f4 Nb4 49. Kf3 Kb3 50. g4 a4 51.
gxh5 gxh5 52. Rb8 a3 53. Ra8 a2 54. Ke4 Bf6 55. Kf5 Be7 56. Kg6 h4 57. f5 Kb2 58. f6 Bd6 59. Kg5 a1=Q 0-1

[Event "Early-Titled-Tuesday-Blitz-November-28-2023"]
[Site "Chess.com"]
[Date "2023.11.28"]
[Round "4"]
[White "RobertoJBM"]
[Black "TimGrutter03"]
[Result "0-1"]
[WhiteElo "2809"]
[BlackElo "2582"]
[TimeControl "180+1"]
[EndTime "8:40:32 PST"]
[Termination "TimGrutter03 won on time"]

1. e4 d6 2. d4 Nf6 3. Nc3 e5 4. Nf3 Nbd7 5. Bc4 Be7 6. O-O O-O 7. Re1 c6 8. a4 a5 9. h3 Qc7 10. b3 b6 11. d5 cxd5 12. Nxd5 Nxd5 13. Bxd5 Bb7 14.
Bxb7 Qxb7 15. c4 Nc5 16. Qc2 g6 17. Bh6 Rfd8 18. Nd2 Ne6 19. Be3 Bg5 20. Bxg5 Nxg5 21. Rad1 Ne6 22. Nf1 Qe7 23. Ne3 Qg5 24. Nd5 Rab8 25.
Qd2 Qxd2 26. Rxd2 Kf8 27. f3 f5 28. exf5 gxf5 29. f4 Nxf4 30. Nxf4 exf4 31. Kf2 Kf7 32.
Rd4 Re8 33. Rxe8 Rxe8 34. Rxd6 Re6 35. Rd4 Re4 36. Rd7+ Kg6 37. Rd6+ Kg5 38. Rxb6 Re3 39. Rb5 Rc3 40. c5 Rc2+ 41. Kg1 Kh4 42. Rb8 Rxc5 43. Rb7 h5 44. Kf2 Rc3 45. Rb5 Kg5 46. Rxa5 Rxb3 47. Rb5 Ra3 48. Rb4 Ra2+ 49. Kg1 Ra3 50. Rc4 Ra1+ 51.
Kf2 Ra2+ 52. Kf1 Ra1+ 53. Ke2 Ra2+ 54. Kf3 Ra3+ 55. Kf2 Ra2+ 56. Kg1 Ra1+ 57. Kh2 Ra2 58. Rb4 f3 59. Kg3 fxg2 60. h4+ Kf6 61. Kh2 Ke5 62. Rb8 f4 63. Rf8 Ke4 64. a5 f3 65. Re8+ Kd3 66.
Rf8 Ke2 67. Re8+ Kf2 68. Rg8 Ra1 0-1

[Event "Early-Titled-Tuesday-Blitz-November-28-2023"]
[Site "Chess.com"]
[Date "2023.11.28"]
[Round "4"]
[White "LizardMorrison"]
[Black "andrzej"]
[Result "1-0"]
[WhiteElo "2201"]
[BlackElo "2456"]
[TimeControl "180+1"]
[EndTime "8:40:34 PST"]
[Termination "LizardMorrison won by resignation"]

1. e4 e5 2. Nf3 Nf6 3. Nxe5 d6 4. Nf3 Nxe4 5. d3 Nf6 6. d4 g6 7. c3 Bg7 8. Bd3 O-O 9. O-O Nc6 10. h3 Ne7 11.
Re1 Bf5 12. Bf4 Nfd5 13. Bg5 Bxd3 14. Qxd3 h6 15. Bxe7 Nxe7 16. Nbd2 Qd7 17. Re2 Rfe8 18. Rae1 Nd5 19. Rxe8+ Rxe8 20. Rxe8+ Qxe8 21. Qe4 Qxe4 22.
Nxe4 f5 23. Ned2 Kf7 24. Kf1 Ke6 25. g3 b5 26. Ke2 Nb6 27. Kd3 Bf6 28. b3 d5 29. Ng1 Nc8 30. Ne2 g5 31. g4 Nd6 32.
Ng3 Bg7 33. Nh5 Bf8 34. Ng3 c6 35. f3 a6 36. a4 bxa4 37. bxa4 Be7 38. c4 fxg4 39.
hxg4 Bf6 40. c5 Nb7 41. Nf5 Na5 42. Nxh6 Nb7 43. Nb3 Nd8 44. Nf5 Nf7 45. Na5 Kd7 46.
Ke3 Bd8 47. Nb3 Nh8 48. f4 Ng6 49. fxg5 Bxg5+ 50. Kf3 Bf6 51. Nc1 Ke6 52. Nd3 Bd8 53.
Nf4+ Nxf4 54. Kxf4 Bf6 55. g5 Bh8 56. g6 Kf6 57. g7 Bxg7 58. Nxg7 Kxg7 59. Ke5 Kg6 60. Kd6 Kf5 61. Kxc6 Ke4 62. Kb6 Kxd4 63. c6 Ke3 64. c7 d4 65. c8=Q d3 66. Qc1+ d2 67. Qd1 Kd3 68.
Kxa6 Kc3 69. Kb6 Kb2 70. a5 Ka3 71. a6 1-0

[Event "Early-Titled-Tuesday-Blitz-November-28-2023"]
[Site "Chess.com"]
[Date "2023.11.28"]
[Round "4"]
[White "Andrei_Skvortsov"]
[Black "Mourinho_Jose"]
[Result "1/2-1/2"]
[WhiteElo "2728"]
[BlackElo "2538"]
[TimeControl "180+1"]
[EndTime "8:40:35 PST"]
[Termination "Game drawn - insufficient material"]

1. e4 e5 2. d4 Nf6 3. Nc3 Bb4 4. dxe5 Nxe4 5. Qd4 Nxc3 6. bxc3 Be7 7. h4 O-O 8. Nf3 d6 9. Bd3 dxe5 10. Qxd8 Bxd8 11.
Ba3 Re8 12. O-O-O Nc6 13. Ng5 h6 14. Ne4 Be7 15. Bb2 f5 16. Ng3 e4 17. Bc4+ Kf8 18. Nh5 Bd6 19. g3 Be6 20. Bb5 Kf7 21.
Kb1 g6 22. Nf4 Bxf4 23. gxf4 h5 24. Rdg1 Rad8 25. Rg5 Rg8 26. Bc1 Na5 27. Be2 Bc4 28. Bd1 Rd6 29. Rhg1 Rgd8 30. Bxh5 gxh5 31. Rxf5+ Rf6 32.
Rxa5 Rd5 33. Rxa7 Rb5+ 34. Ka1 Ra6 35. Rxa6 bxa6 36. Be3 Ra5 37. Rg5 Rxg5 38. fxg5 Kg6 39. Bf4 c6 40. Kb2 Kf5 41. Be3 Kg4 42. g6 Kxh4 43. Ka3 Kg4 44. Kb4 Be6 45. Kc5 h4 46.
Bd4 Kf5 47. Kd6 Bxa2 48. g7 h3 49. Be5 Kg6 50. Kxc6 Kf5 51. Kd6 Bc4 52. Bg3 a5 53. Kc5 Bf7 54. Kb5 Kg4 55. c4 Kf3 56. c5 e3 57. fxe3 Kxg3 58. c6 h2 59. c7 h1=Q 60. c8=Q Qf1+ 61. Kxa5 Qa1+ 62. Kb6 Qb2+ 63. Ka7 Qa3+ 64.
Kb8 Qb4+ 65. Qb7 Qxb7+ 66. Kxb7 Kf3 67. Kc6 Kxe3 68. Kb5 Kd4 69. Kb4 Kd5 70. c4+ Kc6 71.
c5 Be6 72. Kc3 Kxc5 73. g8=Q Bxg8 1/2-1/2

[Event "Early-Titled-Tuesday-Blitz-November-28-2023"]
[Site "Chess.com"]
[Date "2023.11.28"]
[Round "4"]
[White "noblerone"]
[Black "Matols"]
[Result "1/2-1/2"]
[WhiteElo "2525"]
[BlackElo "2352"]
[TimeControl "180+1"]
[EndTime "8:40:37 PST"]
[Termination "Game drawn - insufficient material"]

1. d4 d5 2. Nf3 Nf6 3. c4 e6 4. Nc3 a6 5. cxd5 exd5 6. Bg5 Be6 7. e3 Nbd7 8. Be2 Bd6 9. O-O c6 10. Rc1 h6 11. Bh4 O-O 12. a3 a5 13. Na4 Re8 14.
Bg3 Bxg3 15. hxg3 Ne4 16. Nd2 Ndf6 17. Bf3 Bf5 18. Nxe4 Bxe4 19. Nc5 Qe7 20. Bxe4 Nxe4 21. Qc2 h5 22. Nxe4 Qxe4 23. Qxe4 Rxe4 24. Rc5 Kf8 25.
Rfc1 Ke7 26. b4 axb4 27. axb4 Kd6 28. b5 Rc8 29. bxc6 Rxc6 30. Kf1 Re8 31. Ke2 Ra8 32.
Kf3 Ra2 33. Rxc6+ bxc6 34. Rb1 Kc7 35. Rh1 g6 36. Rc1 Kd6 37. Rb1 Kc7 38. Rf1 Kd6 39.
g4 hxg4+ 40. Kxg4 f6 41. Kf3 c5 42. dxc5+ Kxc5 43. Rh1 g5 44. Rh8 Kd6 45. Rd8+ Ke5 46. Kg3 Rb2 47. f3 Ra2 48. Re8+ Kf5 49. Rb8 Rc2 50.
Rb5 Ke6 51. Kh3 Re2 52. Rb3 Ke5 53. Kg3 Rd2 54. Kh3 Re2 55. g4 Rd2 56. Kg3 Re2 57. Rc3 Rd2 58. Ra3 Rc2 59. f4+ gxf4+ 60. exf4+ Ke4 61.
g5 fxg5 62. fxg5 Rc1 63. Kf2 Rc2+ 64. Kg3 Rc1 65. Kg4 Rg1+ 66. Kh5 d4 67. g6 d3 68. Ra2 Ke3 69. Kh6 d2 70. Rxd2 Kxd2 71. g7 Rxg7 72. Kxg7 1/2-1/2

[Event "Early-Titled-Tuesday-Blitz-November-28-2023"]
[Site "Chess.com"]
[Date "2023.11.28"]
[Round "4"]
[White "Journey_to_GrandMaster_YT"]
[Black "LileKoridze"]
[Result "0-1"]
[WhiteElo "2537"]
[BlackElo "2376"]
[TimeControl "180+1"]
[EndTime "8:40:40 PST"]
[Termination "LileKoridze won on time"]

1. d4 Nf6 2. Nf3 d5 3. c4 e6 4. Nc3 dxc4 5. e4 Be7 6. Bxc4 O-O 7. O-O c6 8. a4 b6 9. e5 Nd5 10. Ne4 Ba6 11. Qe2 Bxc4 12. Qxc4 Qc7 13. Bg5 Nd7 14.
Bxe7 Nxe7 15. b4 c5 16. Rfc1 Rac8 17. Nd6 Rb8 18. b5 Qd8 19. Ng5 Nd5 20. Nge4 cxd4 21.
Qxd4 Qe7 22. Rc6 Rfd8 23. Rac1 f6 24. exf6 N7xf6 25. Nxf6+ gxf6 26. Ne4 f5 27. Ng3 Nb4 28. Qf4 Nxc6 29. bxc6 Rbc8 30. h4 Rd6 31. c7 Rxc7 32.
Rxc7 Qxc7 33. Kh2 Qe7 34. Nh5 Rd8 35. g3 Rf8 36. Qe5 Qf7 37. Nf4 Re8 38. h5 Qg7 39.
Qd6 Qe7 40. Qe5 Qg7 41. Qd6 e5 42. Nd5 Rf8 43. Qe6+ Qf7 44. Qxe5 Qxh5+ 45. Kg2 Qf7 46. Nf4 Re8 47. Qd6 Qb7+ 48. Kh2 Qe7 49. Qh6 Qg7 50. Qc6 Rf8 51. Kg2 Qf7 52. Qh6 Rc8 53. Nh5 Re8 54. Nf6+ Kh8 55. Nxe8 Qxe8 56. Qf6+ Kg8 57. Qxf5 Qxa4 58.
Qc8+ Kg7 59. Qc7+ Kg8 60. Qd8+ Kg7 61. Qe7+ Kg8 62. Qd8+ Kf7 63. Qc7+ Kg8 64. f4 Qe4+ 65.
Kh3 Qe6+ 66. Kh4 Qf6+ 67. Kg4 Qe6+ 68. f5 Qe4+ 69. Kg5 Qe3+ 70. Kf6 Qh6+ 0-1

[Event "Early-Titled-Tuesday-Blitz-November-28-2023"]
[Site "Chess.com"]
[Date "2023.11.28"]
[Round "4"]
[White "MatyChess1"]
[Black "pasteta13"]
[Result "1-0"]
[WhiteElo "2670"]
[BlackElo "2454"]
[TimeControl "180+1"]
[EndTime "8:40:41 PST"]
[Termination "MatyChess1 won on time"]

1. d4 Nf6 2. Bf4 d6 3. Nf3 Nbd7 4. e3 g6 5. h3 Bg7 6. Be2 O-O 7. O-O Re8 8. Bh2 c6 9. a4 a5 10. Na3 Qc7 11. Nc4 b5 12. axb5 cxb5 13. Na3 b4 14. Nc4 Ba6 15. Rxa5 Bxc4 16. Rxa8 Rxa8 17. Re1 Ne4 18. Bd3 Ndf6 19. Qe2 Rc8 20. Ra1 Nd5 21. Qe1 f5 22. Bxe4 fxe4 23. Ng5 Nf6 24. h4 h6 25.
Nh3 Bf7 26. Rc1 Qc4 27. Nf4 Ra8 28. Bg3 Ra2 29. b3 Qc3 30. f3 Rxc2 31. Ra1 exf3 32.
gxf3 Nd5 33. Ng2 Qxe1+ 34. Bxe1 Nc3 35. Ra8+ Kh7 36. Ra7 Bf6 37. Rb7 Bxb3 38. Rxb4 Bf7 39. Kf1 Nd5 40. Rb7 Kg7 41. e4 Nc7 42. Ne3 Na6 43.
Nxc2 Bc4+ 44. Kg2 Bd3 45. Nb4 Nxb4 46. Rxb4 g5 47. hxg5 Bxg5 48. Bf2 Be2 49. Bg3 Bd3 50. Bf2 Kf7 51. Rb7 Bc2 52. Kh3 Ba4 53. Bh4 Bxh4 54.
Kxh4 Bc6 55. Rc7 Ba4 56. Kg3 Bd1 57. d5 Be2 58. Rc1 Bd3 59. Rh1 Kg6 60. Kf4 Be2 61. Rh2 Bd1 62. Rg2+ Kf6 63. Rg1 Be2 64. Rh1 Kg6 65.
Ra1 h5 66. Rg1+ Kf6 67. Rg2 Bd1 68. Rd2 Bb3 69. Rh2 Kg6 70. Rg2+ Kf6 71. Rg5 h4 72.
Rh5 e5+ 73. Ke3 Bd1 74. Rxh4 Kg5 75. Rh1 1-0

[Event "Early-Titled-Tuesday-Blitz-November-28-2023"]
[Site "Chess.com"]
[Date "2023.11.28"]
[Round "4"]
[White "Zapateado"]
[Black "PattyCastillo"]
[Result "1/2-1/2"]
[WhiteElo "2350"]
[BlackElo "2024"]
[TimeControl "180+1"]
[EndTime "8:40:49 PST"]
[Termination "Game drawn by repetition"]

1. c4 c6 2. e4 d5 3. exd5 cxd5 4. cxd5 Qxd5 5. Nc3 Qd8 6. Nf3 Nf6 7. Bc4 e6 8. O-O Be7 9. d4 O-O 10. Re1 Nc6 11.
Bf4 a6 12. Rc1 b5 13. Bd3 Bb7 14. Ne4 Rc8 15. Nc5 Bxc5 16. dxc5 Nb4 17. Bb1 Qxd1 18.
Rexd1 Bxf3 19. gxf3 Nfd5 20. Bd6 Rfd8 21. a3 Nc6 22. b4 a5 23. bxa5 Nxa5 24. Bd3 Nc4 25. Bxc4 bxc4 26. a4 c3 27. a5 Rd7 28. Ra1 Ra7 29.
Kf1 Ra6 30. Rdb1 h5 31. Rb8 Rxb8 32. Bxb8 Nb4 33. Be5 c2 34. Ke2 f6 35. Bc3 Nd5 36.
Kd3 Nxc3 37. Kxc3 Rxa5 38. Rc1 Rxc5+ 39. Kd2 Rc8 40. Rxc2 Rxc2+ 41. Kxc2 Kf7 42. Kd3 g5 43. Ke3 Kg6 44. f4 gxf4+ 45. Kxf4 e5+ 46. Ke4 Kg5 47.
Kf3 h4 48. h3 Kf5 49. Ke3 Ke6 50.
Kf3 Kd5 51. Kg4 Ke4 52. Kxh4 Kf3 53. Kh5 Kxf2 54. Kg6 e4 55. h4 e3 56. h5 e2 57.
h6 e1=Q 58. h7 Qg1+ 59. Kxf6 Qh2 60. Kg7 Qg3+ 61. Kf7 Qh4 62. Kg8 Qg5+ 63. Kh8 Qf6+ 64. Kg8 Qg6+ 65. Kh8 Qe8+ 66. Kg7 Qe7+ 67. Kg8 Qe6+ 68.
Kg7 Qe5+ 69. Kg8 Qg5+ 70. Kh8 Qd8+ 71. Kg7 Qe7+ 72. Kg8 Qe8+ 73. Kg7 Qe7+ 1/2-1/2

[Event "Early-Titled-Tuesday-Blitz-November-28-2023"]
[Site "Chess.com"]
[Date "2023.11.28"]
[Round "4"]
[White "KononenkoD"]
[Black "Iball95"]
[Result "0-1"]
[WhiteElo "2508"]
[BlackElo "2846"]
[TimeControl "180+1"]
[EndTime "8:40:55 PST"]
[Termination "Iball95 won by checkmate"]

1. d4 d5 2. c4 e6 3. Nc3 c5 4.
Nf3 cxd4 5. Nxd4 e5 6. Nc2 d4 7.
Nd5 Ne7 8. e3 Nxd5 9. cxd5 Qxd5 10. exd4 exd4 11. Qxd4 Qxd4 12. Nxd4 Bb4+ 13. Bd2 Bxd2+ 14.
Kxd2 O-O 15. Bd3 Rd8 16. Ke3 Nd7 17. Rhd1 Ne5 18. f3 Bd7 19. Be2 Kf8 20. Rac1 Rac8 21. Nb3 Ke7 22. Nc5 Bc6 23. b4 g5 24. b5 Rxd1 25.
Rxd1 Bxb5 26. Nxb7 Rc3+ 27. Kd2 Bxe2 28. Kxe2 Nc4 29.
Nc5 Ra3 30. Rd7+ Ke8 31. Rc7 Rxa2+ 32. Kd3 Nd6 33. g4 a5 34. Ra7 Ra3+ 35. Ke2 Nb5 36. Ra8+ Ke7 37. Nb7 Nd4+ 38. Kd1 Nxf3 39. Nxa5 Kf6 40.
Ra6+ Kg7 41. h3 Ng1 42. Ra7 Nxh3 43. Ke2 Nf4+ 44. Kf2 Nd3+ 45. Kg2 Ne5 46. Nc6 Rxa7 47. Nxa7 Nxg4 48. Nc6 h5 49. Kg3 Ne3 50. Kf3 Nf5 51. Ke4 Nh6 52. Ne5 f6 53. Nd7 Nf7 54. Nc5 Kg6 55.
Ne6 f5+ 56. Kf3 h4 57. Nf8+ Kh5 58. Nd7 Kg6 59. Kg2 g4 60. Nf8+ Kf6 61. Nd7+ Kg5 62. Nc5 h3+ 63. Kh2 Kf6 64. Nd3 Ng5 65. Nf2 Ne4 66. Nd3 Kg5 67. Ne5 f4 68. Kg1 g3 69.
Nd3 Kg4 70. Kh1 Nf2+ 71. Nxf2+ gxf2 72. Kh2 f3 73. Kh1 f1=Q+ 74. Kh2 Qg2# 0-1

[Event "Early-Titled-Tuesday-Blitz-November-28-2023"]
[Site "Chess.com"]
[Date "2023.11.28"]
[Round "4"]
[White "Fh2411"]
[Black "Aleksandar-Topalov"]
[Result "1/2-1/2"]
[WhiteElo "2556"]
[BlackElo "2376"]
[TimeControl "180+1"]
[EndTime "8:40:55 PST"]
[Termination "Game drawn - insufficient material"]

1. d4 Nf6 2. Nf3 g6 3. Bf4 Bg7 4. e3 O-O 5. h3 b6 6. a4 a6 7. c3 Bb7 8. Bc4 d6 9. Nbd2 Nbd7 10. O-O Qe8 11. Bh2 e5 12. Ba2 Qe7 13. Nc4 Ne4 14.
Qc2 Kh8 15. Rfd1 f5 16. dxe5 Nxe5 17. Ncxe5 dxe5 18. Bd5 Nd6 19. Bxb7 Nxb7 20. Rd2 Rad8 21. Rad1 e4 22. Nd4 Be5 23. Bxe5+ Qxe5 24. Nc6 Rxd2 25.
Qxd2 Qg7 26. b4 Nd6 27. Qd4 Qxd4 28. cxd4 Kg7 29. Rc1 Kf6 30. Ne5 Rc8 31. Rc6 Ke7 32. g4 fxg4 33. hxg4 Nf7 34. Nxf7 Kxf7 35. Kg2 Ke7 36. Kg3 Kd7 37. Rf6 Re8 38. Rf7+ Kd6 39. Rxh7 a5 40. b5 c6 41. bxc6 Kxc6 42. Rg7 Re6 43.
Kf4 b5 44. axb5+ Kxb5 45. Rb7+ Ka6 46. Rb1 a4 47. d5 Re7 48. Kg5 Re5+ 49. Kxg6 Rxd5 50.
Rb4 Ka5 51. Rb2 a3 52. Ra2 Ka4 53. Kf6 Kb3 54. Ra1 Rd2 55. Rf1 a2 56. Ke5 Rxf2 57. Ra1 Rg2 58. Kxe4 Rxg4+ 59. Kf5 Rg2 60. e4 Rf2+ 61.
Ke6 Kb2 62. Re1 a1=Q 63. Rxa1 Kxa1 64. e5 Kb2 65. Kd7 Kc3 66. e6 Rd2+ 67. Kc7 Re2 68. Kd7 Kd4 69. e7 Kd5 70. e8=Q Rxe8 71. Kxe8 1/2-1/2

[Event "Early-Titled-Tuesday-Blitz-November-28-2023"]
[Site "Chess.com"]
[Date "2023.11.28"]
[Round "4"]
[White "MITerryble"]
[Black "Sadykov_Ramil"]
[Result "1-0"]
[WhiteElo "2965"]
[BlackElo "2704"]
[TimeControl "180+1"]
[EndTime "8:41:00 PST"]
[Termination "MITerryble won by resignation"]

1. d4 d5 2. Bg5 Nf6 3. e3 Ne4 4. Bf4 c5 5. c3 Nc6 6. Nd2 cxd4 7. exd4 Bf5 8. Ngf3 e6 9. Qb3 Qc8 10.
Nh4 Nxd2 11. Bxd2 Be4 12. f3 Bg6 13. g3 Be7 14. Nxg6 hxg6 15. Kf2 a6 16. Bd3 Qd7 17. a4 Na5 18. Qd1 Rc8 19. Kg2 Nc4 20. Bc1 Kf8 21. h4 Bf6 22. Qe2 Nd6 23. Bf4 Nf5 24.
Bxf5 gxf5 25. h5 Ke7 26. a5 Qc6 27. g4 g5 28. Be5 Bxe5 29. Qxe5 f6 30. Qe2 Qc4 31.
Qd2 Kf7 32. Rhe1 Rce8 33. Qc2 Qc8 34. Ra3 Rh6 35. Rb3 fxg4 36. fxg4 f5 37. Re5 Rf6 38. Rb6 Re7 39. Qd2 Qc4 40. Qxg5 Qd3 41. Qe3 Qxe3 42. Rxe3 fxg4 43. Kg3 Rf5 44. Kxg4 Kf6 45. Kh4 Re8 46. Re2 Rf4+ 47. Kg3 Rf5 48. Kh4 Re7 49. Re3 Rf4+ 50. Kg3 Rf5 51. Rf3 Rg7+ 52. Kf2 Rh7 53. Ke3 Rxh5 54. Rxb7 Rxf3+ 55. Kxf3 Rh3+ 56. Kf4 Rh4+ 57. Kg3 Rh1 58. Rb6 Rb1 59. Kf3 Kf5 60. Ke3 e5 61. dxe5 Kxe5 62. Kd3 Ra1 63. Rxa6 Ra4 64. Kc2 d4 65. cxd4+ Kxd4 66. Kb3 Ra1 67. Kb4 Kd5 68. Kb5 Rb1 69. b4 Kd4 70. Rc6 Rh1 71. a6 Rh5+ 72. Kb6 Rh7 73. b5 Rh8 74. a7 Kd5 75. Kb7 Rh7+ 76. Rc7 Rh8 77. b6 Rg8 78. a8=Q Rxa8 79. Kxa8 Kd6 80. Rc1 Kd5 81. b7 Ke4 82. b8=Q Kd3 83.
Qd6+ 1-0

[Event "Early-Titled-Tuesday-Blitz-November-28-2023"]
[Site "Chess.com"]
[Date "2023.11.28"]
[Round "4"]
[White "gpsji27"]
[Black "Aslanov_Umid"]
[Result "0-1"]
[WhiteElo "2327"]
[BlackElo "2515"]
[TimeControl "180+1"]
[EndTime "8:41:00 PST"]
[Termination "Aslanov_Umid won by checkmate"]

1. d4 d5 2. Nf3 Nf6 3. c4 e6 4.
Nc3 c6 5. Bg5 dxc4 6. e4 b5 7.
e5 h6 8. Bh4 g5 9. Nxg5 hxg5 10.
Bxg5 Be7 11. exf6 Bxf6 12. Bxf6 Qxf6 13. g3 Bb7 14. Bg2 Nd7 15. Nxb5 cxb5 16. Bxb7 Rd8 17. Bc6 Qf5 18. Qd2 Rc8 19. Bxd7+ Kxd7 20. O-O-O c3 21. bxc3 b4 22. Qe2 Qa5 23. c4 Rxc4+ 24. Qxc4 Rc8 25.
Qxc8+ Kxc8 26. Kb1 Qf5+ 27. Ka1 Qxf2 28. d5 Qf6+ 29. Kb1 Qf5+ 30. Kb2 Qe5+ 31. Kb1 Qe4+ 32. Kb2 exd5 33. Rc1+ Kd7 34. Rhe1 Qd4+ 35. Kb1 Qd3+ 36. Kb2 a5 37. Red1 Qe2+ 38. Kb1 Kd6 39. Rd4 Qxh2 40.
Rcd1 Qh7+ 41. Kb2 Qg7 42. Kb3 Qxg3+ 43. R1d3 Qg2 44. a3 Kc5 45. axb4+ axb4 46. Rxb4 Qf1 47. Rc3+ Kd6 48. Rd4 Ke5 49. Rcd3 Qb1+ 50. Kc3 Qb5 51. Kd2 Qc5 52. Rg4 Qf2+ 53. Kd1 Qf1+ 54. Kd2 Qf2+ 55.
Kd1 f5 56. Rg8 Qf1+ 57. Kd2 Qf4+ 58. Re3+ Kd4 59. Re8 Qf2+ 60. Re2 Qf4+ 61. Ke1 Qh4+ 62. Kd2 Qg5+ 63. Ke1 Qg1+ 64. Kd2 f4 65. Rf8 Qg5 66. Rf2 f3+ 67. Kc2 Qg6+ 68. Kd2 Qh6+ 69. Kc2 Qxf8 70. Rd2+ Ke3 71. Rd3+ Ke4 72. Rd2 f2 73. Rd1 f1=Q 74.
Re1+ Qxe1 75. Kb3 Qfb4+ 76. Ka2 Qed2+ 77. Ka1 Qdb2# 0-1

[Event "Early-Titled-Tuesday-Blitz-November-28-2023"]
[Site "Chess.com"]
[Date "2023.11.28"]
[Round "4"]
[White "krucki03"]
[Black "Boundless_Strike"]
[Result "1/2-1/2"]
[WhiteElo "2483"]
[BlackElo "2673"]
[TimeControl "180+1"]
[EndTime "8:41:02 PST"]
[Termination "Game drawn by repetition"]

1. e4 d6 2. d4 e5 3. Nf3 Bg4 4.
dxe5 Nc6 5. Bb5 Qd7 6. h3 Bh5 7. Bf4 O-O-O 8. Nbd2 a6 9. Ba4 Qe8 10. Qe2 g5 11. Bxg5 Be7 12. Bxe7 Ngxe7 13. exd6 Rxd6 14.
O-O-O Bg6 15. Bxc6 Nxc6 16. Rhe1 Qe6 17. Kb1 Rhd8 18.
Nb3 Rxd1+ 19. Rxd1 Rxd1+ 20. Qxd1 Qxe4 21. a3 Qa4 22.
Nc5 Qc4 23. Nd3 f6 24. b3 Qd5 25. Qd2 Kb8 26. Qc3 a5 27. Kb2 a4 28. Nf4 Qd6 29.
Nxg6 hxg6 30. Qd3 Qe6 31. Qxg6 axb3 32. cxb3 Ne5 33. Qc2 Nxf3 34. gxf3 Qe5+ 35. Ka2 Qf4 36. Qd3 b6 37. Qe3 Qf5 38. Qe8+ Ka7 39. Qc6 Kb8 40. Qe8+ Ka7 41. Qe4 Qxh3 42. a4 Kb8 43. Qe8+ Ka7 44.
Qe4 Qf1 45. Qe3 Qd1 46. Kb2 Qd5 47. Qc3 Kb8 48. Qxf6 Qd2+ 49. Ka3 Qxf2 50. Qc3 Kb7 51. b4 Qg3 52. b5 Qd6+ 53. Kb3 Qe6+ 54. Qc4 Qe3+ 55.
Qc3 Qe6+ 56. Kb2 Qe2+ 57. Kc1 Qf1+ 58. Kd2 Qf2+ 59. Kd1 Qf1+ 60. Kc2 Qe2+ 61. Kb1 Qd1+ 62. Kb2 Qxa4 63. Qc6+ Kb8 64. Kc3 Qa3+ 65. Kd4 Qb2+ 66. Ke4 Qg7 67. f4 Qg2+ 68. Ke5 Qg7+ 69. Qf6 Qg3 70. Qc6 Qe3+ 71. Kf5 Qg3 72. Ke4 Qg2+ 73. Ke3 Qg3+ 74. Ke4 Qg2+ 1/2-1/2

[Event "Early-Titled-Tuesday-Blitz-November-28-2023"]
[Site "Chess.com"]
[Date "2023.11.28"]
[Round "4"]
[White "Leo_C"]
[Black "Orishuas"]
[Result "1-0"]
[WhiteElo "2602"]
[BlackElo "2361"]
[TimeControl "180+1"]
[EndTime "8:41:05 PST"]
[Termination "Leo_C won on time"]

1. e4 c5 2. Nf3 d6 3. d4 cxd4 4. Qxd4 Nc6 5. Bb5 Bd7 6. Qd3 Nf6 7. c4 g6 8. Nc3 Bg7 9. O-O O-O 10. h3 Ne5 11. Nxe5 dxe5 12. Bxd7 Qxd7 13. Qxd7 Nxd7 14. Be3 e6 15. Rfd1 Nf6 16. f3 Rfc8 17. b3 Bf8 18.
Nb5 a6 19. Nc3 Bc5 20. Bxc5 Rxc5 21. a4 Kf8 22. Kf2 Ke7 23. g4 g5 24. Rd3 h5 25.
Nd1 hxg4 26. hxg4 Rh8 27. Kg2 Rcc8 28. Nf2 Rhd8 29. Rad1 Rxd3 30. Nxd3 Rd8 31. Kf2 Rd4 32.
Ke2 Nd7 33. Rh1 f6 34. Rh8 Kd6 35. Rc8 Nb6 36. Rf8 Nd7 37. Re8 b6 38. Ra8 Nc5 39. Rd8+ Kc7 40. Nxc5 bxc5 41. Rf8 Rd6 42. Rxf6 Rb6 43.
Rg6 Kd6 44. Rxg5 Rxb3 45. Rg7 Rb4 46. g5 Rxc4 47. g6 Rc2+ 48. Kf1 Rc3 49. Kf2 Rc2+ 50.
Kg3 Rb2 51. Rf7 Rb8 52. g7 Rg8 53. Ra7 c4 54. Rxa6+ Kc5 55. Ra7 Kc6 56. Ra6+ Kc5 57. Ra7 c3 58. Rc7+ Kd4 59. Kg4 c2 60. Rxc2 Rxg7+ 61. Kh3 Ke3 62. Rc3+ Kf4 63. Ra3 Ra7 64. a5 Ra6 65. Kh4 Ra8 66. Kh5 Ra6 67. Kg6 Kg3 68. Kf6 Kf2 69. Kxe5 Ke2 70. f4 Kd2 71. f5 Kc2 72. f6 Kb2 73. Ra4 Ra8 74. a6 Kb3 75. Ra5 Kb4 76. Ra1 Kb3 77. a7 Kb2 78. Ra6 Kb3 79. f7 Kb4 80. Kxe6 Kb5 81. Ra1 Kb4 82. Kf6 1-0

[Event "Early-Titled-Tuesday-Blitz-November-28-2023"]
[Site "Chess.com"]
[Date "2023.11.28"]
[Round "4"]
[White "vasblesk"]
[Black "BogdanDeac"]
[Result "1/2-1/2"]
[WhiteElo "2822"]
[BlackElo "2990"]
[TimeControl "180+1"]
[EndTime "8:41:07 PST"]
[Termination "Game drawn - insufficient material"]

1. d4 Nf6 2. Nf3 d5 3. c4 e6 4. g3 dxc4 5. Bg2 a6 6. O-O Nc6 7. Qd2 Bb4 8. Qc2 b5 9. Rd1 Rb8 10. b3 Be7 11. bxc4 Nb4 12. Qc3 bxc4 13. Ne5 Bb7 14.
Bxb7 Rxb7 15. a3 Nbd5 16. Qxc4 Qd6 17. a4 Rb4 18. Qc2 c5 19. Qxc5 Qxc5 20. dxc5 Bxc5 21. Nd3 Rc4 22. Nd2 Rc2 23. Ne1 Nc3 24. Nxc2 Nxd1 25. Ba3 Bxa3 26. Rxa3 O-O 27. Nc4 Rc8 28. Rd3 h6 29.
N2a3 Nxf2 30. Kxf2 Ne4+ 31. Kg2 Nc5 32. Rd6 Nxa4 33.
Rxa6 Nc3 34. Ra7 Nxe2 35. Nd6 Rf8 36. Nab5 Nc1 37. Re7 Nd3 38. Nc7 Ne5 39. Ncb5 h5 40. Rc7 g6 41. Rc5 Nd7 42. Rc7 Ne5 43. Nd4 Rd8 44.
Rc8 Rxc8 45. Nxc8 Kg7 46. Ne7 Kf6 47. Nec6 Nd7 48. Nf3 e5 49. Nd2 Ke6 50. Nb4 f5 51. Nd3 g5 52. h4 gxh4 53. gxh4 Nf8 54. Nf3 Ng6 55. Ng5+ Kd5 56. Kg3 f4+ 57. Kh3 e4 58.
Ne1 Kd4 59. Nc2+ Kd3 60. Ne1+ Kd2 61. Ng2 Kd3 62. Ne1+ Ke2 63. Nc2 e3 64. Nd4+ Kd3 65. Ndf3 e2 66. Ne6 Ke3 67. Neg5 Kf2 68. Kh2 e1=Q 69. Nxe1 Kxe1 70. Nf3+ Kf2 71. Nd4 Ke3 72.
Nf5+ Ke2 73. Ng7 f3 74. Nxh5 f2 75. Ng3+ Ke1 76. h5 Ne5 77. Kg2 Nf7 78. Kf3 Nh6 79. Kf4 f1=Q+ 80. Nxf1 Kxf1 81. Kg5 Ng8 82. Kg6 Kg2 83.
Kg7 Ne7 84. Kf7 Nf5 85. Kf6 Nh6 86. Kg7 Nf5+ 87. Kg6 Ne7+ 88. Kg5 Ng8 89. h6 Nxh6 1/2-1/2